 Dungeon Crawl Stone Soup version 0.29-a0-337-g68df138881 (webtiles) character file.

Game seed: 13241027830454849913

2247 Dauddaud the Cleaver (level 9, -12/105 HPs)
             Began as a Minotaur Berserker on Apr 15, 2022.
             Was an Elder of Trog.
             Killed from afar by Maggie (28 damage)
             ... with a bolt of fire
             ... on level 8 of the Dungeon.
             The game lasted 00:17:26 (7643 turns).

Dauddaud the Cleaver (Minotaur Berserker)           Turns: 7643, Time: 00:17:28

Health: -12/105    AC:  7    Str: 27    XL:     9   Next: 15%
Magic:  8/8        EV: 11    Int:  4    God:    Trog [****..]
Gold:   373        SH:  0    Dex:  9    Spells: 8/8 levels left

rFire   . . .      SeeInvis .   H - +0 halberd
rCold   . . .      Faith    +   (shield currently unavailable)
rNeg    . . .      Spirit   .   i - +0 swamp dragon scales
rPois   +          Reflect  .   (helmet restricted)
rElec   .          Harm     .   (no cloak)
rCorr   .          Rampage  .   (no gloves)
Will    ++...                   (no boots)
Stlth   ..........              h - amulet of faith
HPRegen 1.27/turn               C - +4 ring of slaying
MPRegen 0.11/turn               F - ring of flight

@: berserking, strong-willed, flying, regenerating, very quick
A: horns 2, retaliatory headbutt
a: Renounce Religion, Berserk, Trog's Hand, Brothers in Arms


You were on level 8 of the Dungeon.
You worshipped Trog.
Trog was greatly pleased with you.
You visited 1 branch of the dungeon, and saw 8 of its levels.

You collected 373 gold pieces.

Inventory:

Hand Weapons
 a - a +0 hand axe
 o - a +0 mace of protection
 H - a +0 halberd (weapon)
 I - a +0 scythe
Missiles
 A - 16 poisoned darts (quivered)
Armour
 b - a +0 animal skin
 i - +0 swamp dragon scales (worn)
 t - a +0 scale mail
Jewellery
 h - an amulet of faith (around neck)
 C - a +4 ring of slaying (left hand)
 D - an amulet of magic regeneration
 F - a ring of flight (right hand)
Wands
 l - a wand of flame (9)
 q - a wand of iceblast (1)
 E - a wand of mindburst (24)
 G - a wand of acid (7)
Scrolls
 d - 2 scrolls of immolation {unknown}
 e - 4 scrolls of teleportation
 g - a scroll of noise {unknown}
 p - 3 scrolls of amnesia {unknown}
 s - 2 scrolls of fog {unknown}
 v - a scroll of torment {unknown}
 w - a scroll of enchant weapon {unknown}
 x - 6 scrolls of identify {unknown}
 y - 2 scrolls of fear {unknown}
 B - a scroll of vulnerability {unknown}
Potions
 c - 2 potions of mutation {unknown}
 f - 3 potions of heal wounds {unknown}
 j - a potion of degeneration {unknown}
 k - 4 potions of curing {unknown}
 m - a potion of invisibility {unknown}
 n - a potion of berserk rage {unknown}
 r - a potion of resistance {unknown}
 u - a potion of cancellation {unknown}
 z - a potion of might {unknown}


   Skills:
 - Level 3.6 Fighting
 - Level 11.5(12.9) Axes
 + Level 9.4(11.9) Polearms
 - Level 2.4 Armour
 - Level 2.1 Dodging


You had 8 spell levels left.
You didn't know any spells.
Your spell library was empty.

Dungeon Overview and Level Annotations

Branches:
Dungeon (7/15)             Temple (0/1) D:6

Altars:
Gozag
Makhleb
Trog
Zin
The Shining One

Shops:
D:6 (

Annotations:
D:8 Maggie


Innate Abilities, Weirdness & Mutations

You have a pair of horns on your head.
You reflexively headbutt those who attack you in melee.


Message History

You headbutt the yak.
The yak is heavily wounded.
The yak barely misses you. You furiously retaliate!
You headbutt the yak! The yak gores you! The yak gores you. x2
You are too injured to fight recklessly!
You are too injured to fight recklessly!
You are too injured to fight recklessly!
Your skin crawls.
You feel strong-willed. The yak completely misses you. The yak gores you.
The yak barely misses you. The yak misses you.
A red film seems to cover your vision as you go berserk!
You feel yourself moving faster!
You feel mighty! The yak completely misses you. The yak closely misses you.
The yak gores you! The yak barely misses you.
You puncture the yak! You headbutt the yak.
You kill the yak!
Trog accepts your kill. The yak gores you.
* * * LOW HITPOINT WARNING * * *
The yak gores you but does no damage. The yak gores you.
* * * LOW HITPOINT WARNING * * *
You closely miss the yak. Your headbutt misses the yak.
The yak is moderately wounded.
You barely miss the yak. You headbutt the yak.
The yak is moderately wounded.
The yak gores you!
* * * LOW HITPOINT WARNING * * *
The yak gores you.
* * * LOW HITPOINT WARNING * * *
The yak barely misses you.
An orc wizard comes into view. It is wielding a +0 dagger.
An orc priest comes into view. It is wielding a +0 dagger.
The orc priest shouts!
The orc wizard shouts!
You slash Maggie!
Maggie is moderately wounded.
The yak gores you but does no damage. x2
Maggie gestures at you while chanting. The bolt of fire hits you!!
You die...

##......#.#.
....oo#.#.#>
#........#.#
#.........#
#........#
#........+
#...†Y...#.#
#...@Y.(....
#...Y@......
#####.#.....
#......
#.#.#. #.#.#
#.#. #.


You could see Maggie, 3 yaks, an orc priest and an orc wizard.

Vanquished Creatures
  Sigmund (D:6)
  2 yaks (D:8)
  A steam dragon (D:7)
  A black bear (D:6)
  A sky beast (D:6)
  2 ogres
  An ice beast (D:6)
  A centaur (D:7)
  A phantom (D:6)
  A kobold brigand (D:7)
  5 scorpions
  A howler monkey (D:7)
  3 hounds
  A jelly (D:6)
  3 orc priests
  A gnoll shaman (D:6)
  Crazy Yiuf (D:2)
  6 iguanas
  An orc wizard (D:4)
  3 gnolls (D:6)
  9 adders
  A shadow imp (D:5)
  A white imp (D:6)
  An ufetubus (D:6)
  A worm (D:2)
  2 dart slugs
  10 orcs
  8 ball pythons
  3 endoplasms
  6 giant cockroaches
  6 hobgoblins
  3 jackals (D:4)
  12 kobolds
  3 quokkas
  5 bats
  11 frilled lizards
  7 goblins
  6 rats
132 creatures vanquished.

Vanquished Creatures (others)
  8 plants
8 creatures vanquished.

Grand Total: 140 creatures vanquished

Notes
Turn   | Place    | Note
-------+----------+-------------------------------------------
     0 | D:1      | Dauddaud the Minotaur Berserker began the quest for the
                  | Orb.
     0 | D:1      | Reached XP level 1. HP: 19/19 MP: 0/0
   121 | D:1      | Reached skill level 4 in Axes
   195 | D:1      | Reached XP level 2. HP: 18/26 MP: 1/1
   660 | D:1      | Reached ** piety under Trog
   662 | D:1      | Reached skill level 5 in Axes
   709 | D:1      | Found a faded altar of an unknown god.
   888 | D:2      | Reached XP level 3. HP: 25/31 MP: 2/2
  1392 | D:2      | Found a runed translucent door.
  1393 | D:2      | Noticed Crazy Yiuf
  1762 | D:2      | Killed Crazy Yiuf
  1763 | D:2      | Reached skill level 6 in Axes
  1763 | D:2      | Reached XP level 4. HP: 17/39 MP: 3/3
  2885 | D:3      | Found a glowing silver altar of Zin.
  2966 | D:3      | Found an opulent altar of Gozag.
  2977 | D:3      | Reached XP level 5. HP: 45/45 MP: 4/4
  3140 | D:4      | Reached skill level 7 in Axes
  3242 | D:4      | Reached skill level 8 in Axes
  3537 | D:4      | Reached XP level 6. HP: 51/51 MP: 5/5
  3554 | D:4      | Reached *** piety under Trog
  3710 | D:4      | Reached skill level 9 in Axes
  4351 | D:5      | Entered Level 5 of the Dungeon
  4845 | D:5      | Reached XP level 7. HP: 57/57 MP: 6/6
  4963 | D:5      | Reached skill level 10 in Axes
  5708 | D:6      | Reached skill level 11 in Axes
  6041 | D:6      | Found a staircase to the Ecumenical Temple.
  6115 | D:6      | Noticed Sigmund
  6121 | D:6      | Reached XP level 8. HP: 55/64 MP: 7/7
  6122 | D:6      | Reached skill level 1 in Polearms
  6132 | D:6      | Killed Sigmund
  6332 | D:6      | Found Vues's Weapon Shop.
  6398 | D:6      | Found a burning altar of Makhleb.
  6418 | D:6      | Found a glowing golden altar of the Shining One.
  6481 | D:6      | Found a bloodstained altar of Trog.
  6529 | D:6      | Reached **** piety under Trog
  6533 | D:6      | Reached skill level 5 in Polearms
  7286 | D:7      | Reached XP level 9. HP: 70/70 MP: 8/8
  7629 | D:7      | You are sucked into a shaft and drop 1 floor!
  7636 | D:8      | Noticed Maggie
  7643 | D:8      | Killed from afar by Maggie

Illustrated notes

Levels and vault maps discovered:
D:1:      minmay_arrival_four_houses, layout_basic,
          dilly_ecumenical_altar_fadedgnrine, minmay_shallow_snake_nest
D:2:      layout_loops_cross, uniq_crazy_yiuf_cottage
D:3:      layout_rooms, zin_academy, mainiacjoe_overflow_small_starburst
D:4:      layout_cave_pools, nicolae_concentric_dashed_squares_wild
D:5:      layout_loops_cross, chequers_big_river, minmay_lizard_king
D:6:      layout_rooms, trog_hazing_becter, mainiacjoe_overflow_large_starburst,
          minmay_temple_entry_junction_2, serial_shops,
          nicolae_shop_bloodbath_and_beyond, kennysheep_donut, uniq_sigmund
D:7:      layout_layer_cave
D:8:      layout_basic, mainiacjoe_overflow_concentric_impassable,
          enter_bailey_4, nicolae_sextant, minmay_shattered_shrine, uniq_erica,
          uniq_psyche, uniq_maggie, uniq_maurice

Skill      XL: |  1  2  3  4  5  6  7  8  9 |
---------------+----------------------------+-----
Axes           | 4 5 6 8 9 11 | 11.5
Polearms       | 8 9 |  9.4
Fighting       | |  3.6
Armour         | |  2.4
Dodging        | |  2.1

Action                   |  1- 3 |  4- 6 |  7- 9 || total
-------------------------+-------+-------+-------++-------
Melee: Hand axe          |    88 |   142 |    53 ||   283
       Headbutt          |     7 |    18 |    25 ||    50
       Punch             |     2 |     1 |     1 ||     4
       Halberd           |       |       |    79 ||    79
Invok: Berserk           |     1 |     2 |     5 ||     8
       Trog's Hand       |       |       |     1 ||     1
  Use: Scroll            |       |       |     1 ||     1
Armor: Animal skin       |     7 |       |       ||     7
       Swamp dragon scal |    24 |    55 |    50 ||   129
Dodge: Dodged            |    48 |    66 |    75 ||   189

Table legend: (Time is in decaauts)
 A = Elapsed time spent in this place.
 B = Non-inter-level travel time spent in this place.
 C = Inter-level travel time spent in this place.
 D = Time resting spent in this place.
 E = Time spent auto-exploring this place.
 F = Levels seen in this place.
 G = Mean time per level.
                   A        B        C        D        E       F      G
               +--------+--------+--------+--------+--------+-----+--------+
         Total |   7684 |   7545 |    139 |   2609 |   4139 |   8 |  960.5 |
       Dungeon |   7684 |   7545 |    139 |   2609 |   4139 |   8 |  960.5 |
               +--------+--------+--------+--------+--------+-----+--------+

Top non-repeatable levels by time:
     D:5: 1322 daAuts
     D:4: 1244 daAuts
     D:2: 1235 daAuts
     D:6: 1222 daAuts
     D:3: 1005 daAuts
     D:1: 882 daAuts
     D:7: 759 daAuts
     D:8: 12 daAuts
